 Dungeon Crawl Stone Soup version 0.30-a0-159-g068b764562 (webtiles) character file.

Game seed: 9550717539714937474

60 Sobieck the Sneak (level 4, 0/25 HPs)
             Began as a Kobold Earth Elementalist on Sept 27, 2022.
             Slain by a gnoll
             ... wielding a +0 club
              (6 damage)
             ... on level 2 of the Dungeon.
             The game lasted 00:04:04 (2310 turns).

Sobieck the Sneak (Kobold Earth Elementalist)       Turns: 2310, Time: 00:04:05

Health: 0/25       AC:  3    Str:  5    XL:     4   Next: 25%
Magic:  3/8        EV: 15    Int: 16    God:
Gold:   54         SH:  0    Dex: 17    Spells: 5/8 levels left

rFire   . . .      SeeInvis .    l - +0 dagger (speed) {short}
rCold   . . .      Faith    .    (no shield)
rNeg    . . .      Spirit   .    a - +0 robe
rPois   .          Reflect  .    (no helmet)
rElec   .          Harm     .    e - +0 cloak
rCorr   .          Rampage  .    (no gloves)
Will    .....                    (no boots)
Stlth   ++++......               (no amulet)
HPRegen 0.08/turn                (no ring)
MPRegen 0.11/turn                (no ring)

@: very slightly contaminated
A: small, no large weapons, nightstalker 3
a: no special abilities


You were on level 2 of the Dungeon.
You visited 1 branch of the dungeon, and saw 3 of its levels.

You collected 166 gold pieces.
You spent 112 gold pieces at shops.


Innate Abilities, Weirdness & Mutations

You are small and have problems with some larger weapons.
You are completely attuned to the shadows.


   Skills:
 + Level 1.2 Fighting
 + Level 1.6 Short Blades
 - Level 3.0 Dodging
 + Level 3.4 Stealth
 + Level 2.6 Spellcasting
 + Level 1.7 Transmutations
 - Level 3.0 Earth Magic


You had 5 spell levels left.
You knew the following spells:

 Your Spells              Type           Power      Damage    Failure   Level
a - Sandblast             Erth           22%        2d7       5%          1
b - Passwall              Tmut/Erth      7%         N/A       11%         2

Your spell library contained the following spells:

 Spells                   Type           Power      Damage    Failure   Level
 Magic Dart               Conj           8%         1d3       19%         1
 Searing Ray              Conj           4%         2d4       28%         2
 Stone Arrow              Conj/Erth      12%        3d7       30%         3
 Petrify                  Tmut/Erth      9%         N/A       58%         4
 Fulminant Prism          Conj/Hex       1%         3d6       88%         4

Inventory:

Hand Weapons
 h - a +0 dagger {short}
   (You took it off a kobold on level 1 of the Dungeon)
 l - a +0 dagger of speed (weapon) {short}
   (You took it off a goblin on level 1 of the Dungeon)
Missiles
 g - 52 stones {throwing}
 p - 2 poisoned darts {throwing}
Armour
 a - a +0 robe (worn)
 e - a +0 cloak (worn)
   (You found it on level 1 of the Dungeon)
 m - a +0 plate armour
   (You found it on level 1 of the Dungeon)
 n - a +0 robe
   (You found it on level 1 of the Dungeon)
 v - a +0 scale mail
   (You found it on level 3 of the Dungeon)
 w - a +0 ring mail
   (You found it on level 3 of the Dungeon)
Jewellery
 f - a ring of fire
   (You found it on level 1 of the Dungeon)
Wands
 t - a wand of paralysis (12)
   (You found it on level 3 of the Dungeon)
 u - a wand of quicksilver (8)
   (You found it on level 3 of the Dungeon)
Scrolls
 c - a scroll of fear {unknown}
 d - 3 scrolls of identify {unknown}
 i - 2 scrolls of enchant armour {unknown}
 o - a scroll of vulnerability {unknown}
 q - a scroll of butterflies {unknown}
 s - 2 scrolls of teleportation {unknown}
Potions
 b - 2 potions of magic
 j - 4 potions of curing {unknown}
 k - a potion of mutation {unknown}
 r - a potion of brilliance {unknown}
 x - a potion of flight
 z - 2 potions of degeneration {!q@e2}
 A - a potion of lignification {!q}

Dungeon Overview and Level Annotations

Branches:
Dungeon (3/15) Zot: 15659

Altars:
Vehumet

Shops:
D:3

! .....# ############.##.. .....#
############## #.###. .....#
#............###.# #. #...##
#.####...<.......# #. #..##
#.####...###.##..###. #..#
#.##...............#. #..#
#.##.........##..#.#. ...#
#.##.g.....#.##..#.#. #.##
####.##@#...#.)......... #.#
#....##.#....>..##..#...
#.########.#####.##..#...##..#.†.
#..........# #.##..#...........
############ #.#...........###.
#†#.#.###.###.# #. #.#.#.# #.#
#.# #. #.#.#.# #.# #.# #. #.#.#.#
#.###.# #.


You could see a gnoll.


Message History

There is a stone staircase leading down here.
You climb downwards.
There is a stone staircase leading up here.
Unknown command.
Unknown command.
Unknown command.
Found Vamnad's Distillery.
Unknown command.
t - a wand of paralysis (12);
u - a wand of quicksilver (8) Unknown command.
v - a +0 scale mail A quokka comes into view.
Danger!
The blast of sand hits the quokka.
A quokka is nearby!
The blast of sand hits the quokka.
You kill the quokka!
s - 2 scrolls labelled WALO ECVITU (gained 1)
w - a +0 ring mail
There is an entrance to Vamnad's Distillery here.
x - a potion of flight;
z - 2 potions of degeneration {!q@e2}
A - a potion of lignification {!q} Thank you for shopping at Vamnad's Distillery!
Unknown command.
Unknown command.
Unknown command.
Unknown command.
You now have 54 gold pieces (gained 11).
A ball python comes into view.
Danger!
The blast of sand hits the ball python.
You kill the ball python!
There is a shaft here.
A giant cockroach comes into view.
Danger!
The blast of sand hits the giant cockroach.
The blast of sand hits the giant cockroach but does no damage.
The giant cockroach bites you.
A giant cockroach is nearby!
The blast of sand hits the giant cockroach but does no damage.
The giant cockroach bites you but does no damage.
The giant cockroach barely misses you.
A giant cockroach is nearby!
The blast of sand hits the giant cockroach but does no damage.
The giant cockroach misses you.
A giant cockroach is nearby!
The blast of sand hits the giant cockroach.
You kill the giant cockroach!
A gnoll comes into view. It is wielding a +0 club.
Danger!
Unknown command.
You see here a giant cockroach corpse. 3 gnolls come into view.
The gnoll shouts! x2; You hear a shout!
Danger!
Unknown command.
There is a stone staircase leading up here.
Unknown command.
The blast of sand hits the gnoll!
The gnoll closely misses you.
The blast of sand hits the gnoll.
The gnoll closely misses you. x2
Unknown command.
You miscast Sandblast.
You are very lightly contaminated with residual magic.
Nothing appears to happen.
The gnoll hits you from afar with a +0 spear.
The gnoll barely misses you.
The gnoll hits you from afar with a +0 spear.
The gnoll hits you with a +0 club.
* * * LOW HITPOINT WARNING * * *
You climb upwards.
There is a stone staircase leading down here.
Unknown command.
Unknown command.
Unknown command.
You are too injured to fight recklessly!
Unknown command.
You are too injured to fight recklessly!
Casting: Sandblast (safe; 5% risk of failure)
Confirm with . or Enter, or press ? or * to list all spells.
Aiming: Sandblast (safe; 5% risk of failure)
Press: ? - help, Shift-Dir - straight line, f - gnoll
Aim: a gnoll, wielding a +0 club (84% to hit)
The blast of sand hits the gnoll.
The gnoll completely misses you.
Casting: Sandblast (safe; 5% risk of failure)
Confirm with . or Enter, or press ? or * to list all spells.
Aiming: Sandblast (safe; 5% risk of failure)
Press: ? - help, Shift-Dir - straight line, f/p - gnoll
Aim: a gnoll, wielding a +0 club (lightly wounded, 84% to hit)
You miscast Sandblast.
Nothing appears to happen.
The gnoll hits you with a +0 club.
* * * LOW HITPOINT WARNING * * *
Casting: Sandblast (safe; 5% risk of failure)
Confirm with . or Enter, or press ? or * to list all spells.
Aiming: Sandblast (safe; 5% risk of failure)
Press: ? - help, Shift-Dir - straight line, f/p - gnoll
Aim: a gnoll, wielding a +0 club (lightly wounded, 84% to hit)
The blast of sand hits the gnoll!
The gnoll hits you with a +0 club.
* * * LOW HITPOINT WARNING * * *
The gnoll hits you with a +0 club.
You die...

Skill      XL: |  1  2  3 |
---------------+----------+-----
Stealth        | 3 |  3.4
Short Blades   | 1 |  1.6
Fighting       | 1 |  1.2
Dodging        | 3 |  3.0
Spellcasting   | |  2.6
Transmutations | |  1.7
Earth Magic    | |  3.0

Action                   |  1- 3 |  4- 6 || total
-------------------------+-------+-------++-------
Melee: Dagger            |     8 |       ||     8
 Cast: Sandblast         |    41 |    24 ||    65
       Passwall          |     2 |       ||     2
 Stab: Sleeping          |     3 |       ||     3
Armor: Robe              |     1 |     1 ||     2
Dodge: Dodged            |     5 |    10 ||    15

Levels and vault maps discovered:
D:1:      grunt_arrival_crossed_arrows, layout_basic
D:2:      layout_loops_ring, hellmonk_ecumenical_altar_leap_of_faith,
          basic_altar, minmay_diced_spiral
D:3:      layout_loops_ring, serial_shops, nicolae_lakefront_shop, shop, shop,
          uniq_robin

Notes
Turn   | Place    | Note
-------+----------+-------------------------------------------
     0 | D:1      | Sobieck the Kobold Earth Elementalist began the quest for
                  | the Orb.
     0 | D:1      | Reached XP level 1. HP: 10/10 MP: 3/3
   234 | D:1      | Reached XP level 2. HP: 16/16 MP: 1/5
   413 | D:1      | Reached skill level 3 in Stealth
   794 | D:1      | Learned a level 2 spell: Passwall
   946 | D:2      | Reached skill level 1 in Short Blades
  1013 | D:2      | Reached XP level 3. HP: 19/20 MP: 2/6
  1283 | D:2      | Found a faded altar of an unknown god.
  1322 | D:2      | Reached skill level 1 in Fighting
  1346 | D:2      | You pick up a book of Conjurations {@e2} and begin
                  | reading...
  1346 | D:2      | You add the spells Magic Dart, Searing Ray and Fulminant
                  | Prism to your library.
  1541 | D:2      | Reached skill level 3 in Dodging
  1541 | D:2      | Reached XP level 4. HP: 25/25 MP: 4/7
  1790 | D:2      | Found a radiant altar of Vehumet.
  2120 | D:3      | Found Vamnad's Distillery.
  2176 | D:3      | Bought a potion of flight for 42 gold pieces
  2176 | D:3      | Bought 2 potions of degeneration for 28 gold pieces
  2176 | D:3      | Bought a potion of lignification for 42 gold pieces
  2310 | D:2      | HP: 6/25 [gnoll/+0 club (4)]
  2310 | D:2      | Slain by a gnoll

Vanquished Creatures
  An adder (D:2)
  3 worms (D:2)
  2 dart slugs (D:2)
  2 bats
  5 endoplasms
  2 giant cockroaches
  6 goblins
  A hobgoblin (D:1)
  2 quokkas
  3 ball pythons
  3 frilled lizards
  6 kobolds
  4 rats
40 creatures vanquished.

Table legend:
 A = Non-vault XP
 B = Vault XP
 C = Vault XP percentage of total XP
 D = Non-vault monster count
 E = Vault monster count
 F = Vault count percentage of total count
                 A         B        C        D         E       F
            +---------+---------+-------+---------+---------+-------
      Total |      82 |       5 |   5.7 |      38 |       2 |   5.0
            +---------+---------+-------+---------+---------+-------
        D:1 |      21 |       0 |   0.0 |      14 |       0 |   0.0
        D:2 |      56 |       5 |   8.2 |      21 |       2 |   8.7
        D:3 |       5 |       0 |   0.0 |       3 |       0 |   0.0
            +---------+---------+-------+---------+---------+-------

Illustrated notes

Table legend:
 A = Kills in this place as a percentage of kills in entire the game.
 B = Kills by you in this place as a percentage of kills by you in the entire game.
 C = Kills by friends in this place as a percentage of kills by friends in the entire game.
 D = Other kills in this place as a percentage of other kills in the entire game.
 E = Experience gained in this place as a percentage of experience gained in the entire game.
 F = Experience gained in this place divided by the number of levels of this place that you have seen.
                   A       B       C       D       E      F
               +-------+-------+-------+-------+-------+----------------------
         Total | 100.0 | 100.0 |   N/A |   N/A | 100.0 |  29.0
       Dungeon | 100.0 | 100.0 |   N/A |   N/A | 100.0 |  29.0
               +-------+-------+-------+-------+-------+----------------------

Table legend: (Time is in decaauts)
 A = Elapsed time spent in this place.
 B = Non-inter-level travel time spent in this place.
 C = Inter-level travel time spent in this place.
 D = Time resting spent in this place.
 E = Time spent auto-exploring this place.
 F = Levels seen in this place.
 G = Mean time per level.
                   A        B        C        D        E       F      G
               +--------+--------+--------+--------+--------+-----+--------+
         Total |   2339 |   2281 |     58 |     69 |   1960 |   3 |  779.7 |
       Dungeon |   2339 |   2281 |     58 |     69 |   1960 |   3 |  779.7 |
               +--------+--------+--------+--------+--------+-----+--------+

Top non-repeatable levels by time:
     D:2: 1341 daAuts
     D:1: 801 daAuts
     D:3: 195 daAuts
